 Dungeon Crawl Stone Soup version 0.25-a0-424-g80bd347ae0 (webtiles) character file.

Game seed: 17657128466990228445, levelgen mode: deterministic

475250 Epan the Scorcher (level 24, -10/153 HPs)
             Began as a Gargoyle Earth Elementalist on Jan 14, 2020.
             Was the Champion of Vehumet.
             Mangled by a titan (21 damage)
             ... on level 3 of the Depths on Jan 20, 2020.
             The game lasted 04:30:22 (59412 turns).

Epan the Scorcher (Gargoyle Earth Elementalist)    Turns: 59412, Time: 04:30:23

Health: -10/153    AC: 32    Str: 16    XL:     24   Next: 75%
Magic:  4/41       EV: 21    Int: 36    God:    Vehumet [******]
Gold:   3284       SH:  0    Dex: 15    Spells: 18/52 levels left

rFire    + + +     SeeInvis +   u - +13 lance "Wyrmbane" {slay drac, rPois rF+ rC+ AC+3}
rCold    + + .     Gourm    .   (no shield)
rNeg     + . .     Faith    .   Z - +2 robe {rF+}
rPois    ∞         Spirit   .   (no helmet)
rElec    +         Reflect  .   M - scarf {cloud immunity}
rCorr    .         Harm     .   A - +2 pair of gloves
MR       ++...                  D - +2 pair of boots
Stlth    ++........             U - amulet "Cigyiza" {rF+ Regen+}
HPRegen  0.75/turn              F - ring "Yfruwuac" {Int+10 Dex+3}
MPRegen  0.27/turn              J - ring "Yrausma" {rC+ MR+ SInv}

@: no status effects
A: big wings, agile 1, negative energy resistance 1, electricity resistance,
strong 1, unbreathing, petrification resistance, rot immunity, AC +18
}: 2/15 runes: barnacled, gossamer
a: Fly, Renounce Religion


You were on level 3 of the Depths.
You worshipped Vehumet.
Vehumet was exalted by your worship.
You were not hungry.

You visited 10 branches of the dungeon, and saw 44 of its levels.
You visited 1 bazaar.
You also visited: Trove, Ossuary and Wizlab.

You collected 5222 gold pieces.
You spent 1938 gold pieces at shops.

Inventory:

Hand Weapons
 n - a +2 demon whip of electrocution
 u - the +13 lance "Wyrmbane" (weapon) {slay drac, rPois rF+ rC+ AC+3}
   (You took it off a deep elf death mage on level 3 of the Elven Halls)

   It affects your AC (+3).
   It protects you from fire.
   It protects you from cold.
   It protects you from poison.
 x - the +6 Majin-Bo {vamp, Archmagi MP+6 Int+6}
   (You found it on level 2 of the Depths)

   It inflicts no extra harm, but heals its wielder when it wounds a living foe.
   It affects your intelligence (+6).
   It affects your magic capacity (+6).
Missiles
 b - 843 stones (quivered)
Armour
 h - a +1 robe of cold resistance
 A - a +2 pair of gloves (worn)
 D - a +2 pair of boots (worn)
 M - a scarf of cloud immunity (worn)
 Z - a +2 robe of fire resistance (worn)
Magical Staves
 a - an uncursed staff of energy
 q - an uncursed staff of earth
 t - an uncursed staff of fire
Jewellery
 F - the ring "Yfruwuac" (left hand) {Int+10 Dex+3}
   (You found it on level 3 of the Elven Halls)

   [ring of dexterity]

   It affects your intelligence (+10).
   It affects your dexterity (+3).
 J - the ring "Yrausma" (right hand) {rC+ MR+ SInv}
   (You took it off a deep elf demonologist on level 3 of the Elven Halls)

   [ring of see invisible]

   It protects you from cold.
   It affects your resistance to hostile enchantments.
   It lets you see invisible.
 U - the amulet "Cigyiza" (around neck) {rF+ Regen+}
   (You found it in a treasure trove)

   [amulet of regeneration]

   It protects you from fire.
   It increases your rate of regeneration.
Wands
 y - a wand of flame (46)
 z - a wand of clouds (3)
 E - a wand of disintegration (11)
 H - a wand of polymorph (38)
 X - a wand of enslavement (10)
Scrolls
 c - 6 scrolls of amnesia
 e - 19 scrolls of remove curse
 g - a scroll of enchant weapon
 i - 2 scrolls of torment
 j - 11 scrolls of teleportation
 k - 6 scrolls of fog
 l - a scroll of fear
 r - 11 scrolls of identify
 W - a scroll of summoning
Potions
 f - 3 potions of berserk rage
 m - 2 potions of magic
 o - a potion of haste
 s - 5 potions of brilliance
 v - 2 potions of cancellation
 B - 8 potions of curing
 G - 6 potions of agility
 Q - 6 potions of resistance
 R - 4 potions of ambrosia
 S - 2 potions of might
Miscellaneous
 w - a phantom mirror
 O - a phial of floods
 P - a lamp of fire
Comestibles
 d - 35 rations


   Skills:
 + Level 16.3 Fighting
 - Level 12.1 Maces & Flails
 + Level 9.6 Polearms
 - Level 6.0 Armour
 + Level 13.1 Dodging
 - Level 2.1 Stealth
 + Level 14.9 Spellcasting
 + Level 16.9 Conjurations
   Level 0.7 Transmutations
 * Level 19.3 Fire Magic
 + Level 18.5 Earth Magic
 - Level 6.0 Evocations


You had 18 spell levels left.
You knew the following spells:

 Your Spells              Type           Power        Failure   Level  Hunger
a - Sandblast             Erth           ######       0%          1    None
b - Stone Arrow           Conj/Erth      ######       0%          3    None
c - Lee's Rapid Deconstr  Erth           ########..   0%          5    None
d - Iron Shot             Conj/Erth      ########..   1%          6    #......
e - Fireball              Conj/Fire      ########..   0%          5    None
f - Starburst             Conj/Fire      ########..   1%          6    #......
g - Ignition              Fire           ########..   1%          8    ######.

Your spell library contained the following spells:

 Spells                   Type           Power        Failure   Level  Hunger
 Ozocubu's Refrigeration  Ice            ####......   45%         6    #......
 Foxfire                  Conj/Fire      ####         0%          1    None
 Searing Ray              Conj           ######       0%          2    None
 Conjure Flame            Conj/Fire      ########     0%          3    None
 Sticky Flame             Conj/Fire      ########     0%          4    None
 Bolt of Magma            Conj/Fire/Erth ########..   0%          5    None
 Animate Skeleton         Necr           N/A          1%          1    None
 Beastly Appendage        Tmut           ####..       1%          1    None
 Corona                   Hex            ####...      1%          1    None
 Freeze                   Ice            ####         1%          1    None
 Infusion                 Chrm           ####         1%          1    None
 Pain                     Necr           ####         1%          1    None
 Sting                    Tmut/Pois      ####         1%          1    None
 Summon Butterflies       Summ           ####....     1%          1    None
 Summon Small Mammal      Summ           ####         1%          1    None
 Passwall                 Tmut/Erth      #######.     1%          2    None
 Sticks to Snakes         Tmut           ####....     1%          2    None
 Dazzling Flash           Conj/Hex       ######       1%          3    None
 Ignite Poison            Fire/Tmut/Pois ######..     1%          3    None
 Inner Flame              Hex/Fire       #######.     1%          3    None
 Mephitic Cloud           Conj/Pois/Air  ######..     1%          3    None
 Static Discharge         Conj/Air       ######..     1%          3    None
 Hailstorm                Conj/Ice       ######..     1%          4    None
 Petrify                  Tmut/Erth      #######.     1%          4    None
 Irradiate                Conj/Tmut      ######....   1%          5    None
 Iskenderun's Battlesphe  Conj/Chrm      ######..     1%          5    None
 Lightning Bolt           Conj/Air       ######....   1%          5    None
 Conjure Ball Lightning   Conj/Air       ######....   1%          6    #......
 Orb of Destruction       Conj           #######...   1%          7    ####...
 Lehudib's Crystal Spear  Conj/Erth      ########..   1%          8    ######.
 Call Imp                 Summ           ####....     2%          2    None
 Ensorcelled Hibernation  Hex/Ice        ####..       2%          2    None
 Poisonous Vapours        Pois/Air       ####..       2%          2    None
 Shroud of Golubria       Chrm/Tloc      ####..       2%          2    None
 Song of Slaying          Chrm           ####....     2%          2    None
 Spider Form              Tmut/Pois      ####......   3%          3    None
 Call Canine Familiar     Summ           ####....     4%          3    None
 Confusing Touch          Hex            ####....     4%          3    None
 Gell's Gravitas          Tloc           ####......   4%          3    None
 Ozocubu's Armour         Chrm/Ice       ####....     4%          3    None
 Recall                   Summ/Tloc      N/A          4%          3    None
 Summon Guardian Golem    Hex/Summ       ####....     4%          3    None
 Tukima's Dance           Hex            ####....     4%          3    None
 Vampiric Draining        Necr           ####......   4%          3    None
 Olgreb's Toxic Radiance  Pois           ####....     4%          4    None
 Freezing Cloud           Conj/Ice/Air   ######....   6%          6    #......
 Yara's Violent Unravell  Hex/Tmut       ####......   9%          5    None
 Spellforged Servitor     Conj/Summ      ######....   11%         7    ####...
 Ice Form                 Ice/Tmut       ####....     12%         4    None
 Animate Dead             Necr           N/A          14%         4    None
 Cause Fear               Hex            ####......   14%         4    None
 Summon Ice Beast         Ice/Summ       ####....     14%         4    None
 Summon Lightning Spire   Summ/Air       ####....     14%         4    None
 Shatter                  Erth           ########..   19%         9    #######
 Fire Storm               Conj/Fire      ########..   21%         9    #######
 Ring of Flames           Chrm/Fire      #######...   22%         7    ####...
 Blade Hands              Tmut           ####......   28%         5    None
 Alistair's Intoxication  Tmut/Pois      ####....     32%         5    None
 Agony                    Necr           ####....     36%         5    None
 Aura of Abjuration       Summ           ####......   36%         5    None
 Metabolic Englaciation   Hex/Ice        ####......   36%         5    None
 Silence                  Hex/Air        ####......   36%         5    None
 Summon Demon             Summ           ####......   36%         5    None
 Summon Forest            Summ/Tloc      ####......   36%         5    None
 Summon Mana Viper        Hex/Summ       ####....     36%         5    None
 Chain Lightning          Conj/Air       ######....   54%         8    ######.
 Eringya's Noxious Bog    Tmut/Pois      ####......   88%         6    #......
 Deflect Missiles         Chrm/Air       ####......   91%         6    #......
 Shadow Creatures         Summ           N/A          91%         6    #......
 Simulacrum               Ice/Necr       ####......   91%         6    #......
 Dragon Form              Tmut           ####......   100%        7    ####...
 Haunt                    Necr/Summ      ####......   100%        7    ####...
 Summon Hydra             Summ           ####......   100%        7    ####...
 Discord                  Hex            ####......   100%        8    ######.
 Dragon's Call            Summ           ####......   100%        9    #######
 Glaciate                 Conj/Ice       ######....   100%        9    #######
 Tornado                  Air            ####......   100%        9    #######
 Sublimation of Blood     Necr           Unusable     N/A         2    N/A

Dungeon Overview and Level Annotations

Branches:
Dungeon (15/15)            Temple (1/1) D:5            Lair (6/6) D:9
 Shoals (4/4) Lair:3       Spider (4/4) Lair:2        Slime (0/5) Lair:5
    Orc (2/2) D:9             Elf (3/3) Orc:2        Vaults (5/5) D:14
  Crypt (1/3) Vaults:3     Depths (3/5) D:15        Ossuary (visited)
 WizLab (visited)

Altars:
Ashenzari
Cheibriados
Dithmenos
Elyvilon
Fedhas
Gozag
Hepliaklqana
Kikubaaqudgha
Nemelex Xobeh
Okawaru
Qazlal
Sif Muna
Trog
Uskayaw
Vehumet
Wu Jian
Xom
Yredelemnul
Zin
The Shining One
Beogh

Shops:
D:7 %   D:10 *   Orc:2 [%}?:   Elf:1 (*   Elf:3 *   Shoals:1 *   Shoals:4 :
Vaults:1 =   Vaults:4 %?*?

Portals:
Hell: Depths:1 Depths:2
Abyss: Depths:2
Ziggurat: Depths:2

Annotations:
D:8 2 transporters, qipq's ghost, novice SpFi
Lair:6 1 runed translucent door, paps's ghost, journeyman DsGl
Orc:2 1 runed translucent door, Armakuni's ghost, journeyman DrMo
Elf:2 4 runed translucent doors, PeterQ's ghost, adept MiBe


Innate Abilities, Weirdness & Mutations

You are resistant to torment.
Your stone body is resilient. (AC +18)
You are immune to poison.
Your large and strong wings let you fly indefinitely.
You resist negative energy. (rN+)
You are resistant to electric shocks. (rElec)
You can survive without breathing.
You are immune to petrification.
You are immune to rotting.
You are agile. (Dex +2)
Your muscles are strong. (Str +2)


Message History

Confirm with . or Enter, or press ? or * to list all spells.
Aiming: Sandblast (safe; 0% risk of failure)
Press: ? - help, Shift-Dir - straight line, f - titan
Aim: a titan (moderately wounded)
The blast of sand hits the titan but does no damage.
The titan is moderately wounded.
b - 844 stones The titan casts a spell at you.
The bolt of lightning hits you. You resist.
* * * LOW HITPOINT WARNING * * *
Casting: Sandblast (safe; 0% risk of failure)
Confirm with . or Enter, or press ? or * to list all spells.
Aiming: Sandblast (safe; 0% risk of failure)
Press: ? - help, Shift-Dir - straight line, f/p - titan
Aim: a titan (moderately wounded)
The blast of sand hits the titan but does no damage.
The titan is moderately wounded.
b - 843 stones The titan hits you!!
You die...

≈≈.......#......#
......#.......
≈........##....## ....
#.....≈. .........###''##
#''# #....≈.. .........#
#..# #..# #...≈≈..
.........# #..# #..#
#....... ##''##
##''###....≈≈≈
##....#####§§..##....≈≈≈
#.....'.C§§§§...#...≈≈≈≈
#.....'@§§§○§...#......≈
##....#####§☼..##.≈÷)≈..
##..## ##..###.≈≈≈≈≈≈
≈#################.(≈≈)≈≈
≈≈≈≈...........((.≈......
≈≈≈≈....).....(...≈≈≈.#..
[.≈≈...[<[)..)....(≈(.##(
#..≈...÷)[..)......≈≈..#.
#..≈....)[.......#..≈≈...


You could see a titan.

Vanquished Creatures
  2 ancient liches
  Mara (Depths:2)
  Saint Roka (Vaults:1)
  A golden dragon (Depths:3)
  A lich (Depths:1)
  The ghost of masterofnone the Bludgeoner, an adept DDBe of Trog (Depths:1)
  2 deep elf master archers (Elf:3)
  A kraken (Shoals:1)
  2 deep elf blademasters (Elf:3)
  2 titans (Depths:3)
  Gastronok (Lair:1)
  Frances (Elf:1)
  An ancient champion (WizLab)
  A tengu reaver (Vaults:1)
  A sphinx (Depths:2)
  A revenant (Vaults:3)
  10 emperor scorpions
  The ghost of walterwhite the Severer, a journeyman MiBe of Trog (Spider:4)
  6 ghost moths
  10 deep elf sorcerers
  A ghoul (Vaults:3)
  2 balrugs
  6 frost giants
  6 fire giants
  15 vault wardens
  An orc warlord (Depths:3)
  6 deep elf elementalists (Elf:3)
  A curse skull (Vaults:3)
  12 ironheart preservers
  12 very ugly things
  A war gargoyle (Vaults:5)
  A green draconian (Depths:3)
  15 stone giants
  5 entropy weavers
  Azrael (D:14)
  2 red draconians (Depths:3)
  8 deep elf demonologists
  13 deep elf annihilators
  9 ettins
  A spark wasp (Depths:1)
  6 merfolk javelineers
  A green death (Depths:3)
  11 deep elf death magi
  4 great orbs of eyes
  5 yaktaur captains
  4 fire dragons
  5 merfolk impalers
  Josephine (Lair:4)
  A jiangshi (Vaults:3)
  8 deep elf high priests (Elf:3)
  41 vault guards
  2 rakshasas
  8 ice dragons
  4 catoblepae
  5 hydras
  3 spriggan air magi
  6 merfolk avatars
  11 centaur warriors
  6 ogre magi
  9 merfolk aquamancers
  2 death knights
  17 two-headed ogres
  2 satyrs
  9 death yaks
  8 deep troll shamans
  A queen ant (Spider:2)
  A vampire mage (Depths:2)
  A spriggan berserker (Depths:3)
  2 orc high priests
  4 tengu warriors
  19 dancing weapons
  A shock serpent (shapeshifter) (D:14)
  6 deep troll earth magi
  A small abomination (Elf:3)
  2 sun demons (Depths:3)
  Sonja (Lair:2)
  16 deep elf knights
  20 skeletal warriors
  Nergalle (D:11)
  21 sea snakes
  24 deep trolls
  An orange crystal statue (D:14)
  A shadow demon (Depths:3)
  3 wizards
  An unseen horror (D:11)
  A phantasmal warrior (Vaults:1)
  15 deep elf archers
  10 ironbrand convokers
  3 swamp dragons (Depths:3)
  4 glowing orange brains
  15 orc knights
  26 harpies
  5 necromancers
  27 orb spiders
  A salamander (shapeshifter) (Vaults:2)
  50 ugly things
  A mana viper (shapeshifter) (Depths:2)
  43 wolf spiders
  An oklob plant (D:13)
  7 orc sorcerers
  8 fauns
  A salamander (Depths:2)
  A frost giant zombie (Crypt:1)
  5 cyclopes
  14 manticores
  A moth of wrath (shapeshifter) (Vaults:1)
  36 deep elf magi
  11 vault sentinels
  2 black mambas
  A moth of wrath (Spider:4)
  9 elephants
  9 water nymphs
  14 merfolk sirens
  An ice statue (D:14)
  An eye of devastation (shapeshifter) (Vaults:5)
  3 spiny frogs
  A spiny frog (shapeshifter) (D:15)
  A torpor snail (Spider:1)
  4 gargoyles (D:14)
  A centaur skeleton (D:13)
  4 komodo dragons
  16 demonic crawlers
  A rime drake (Lair:3)
  A hellwing (Depths:2)
  68 yaktaurs
  An ice devil (Depths:3)
  5 freezing wraiths
  4 red devils (Elf:1)
  3 tengu conjurers
  A polar bear (shapeshifter) (Vaults:1)
  33 merfolk
  47 jumping spiders
  11 trolls
  A meliai (shapeshifter) (Vaults:3)
  6 hornets
  A hornet (shapeshifter) (Vaults:1)
  2 polar bears (Lair:6)
  14 blink frogs
  9 wind drakes
  13 slime creatures
  A harpy skeleton (D:14)
  14 dream sheep
  2 air elementals (Elf:2)
  9 hippogriffs
  9 snapping turtles
  39 tarantellas
  20 water elementals
  2 spriggans (Depths:3)
  A shadow (D:11)
  9 wraiths
  65 yaks
  91 redbacks
  4 vampires (WizLab)
  3 wyverns
  A human (D:14)
  10 fire elementals
  6 basilisks
  A golden eye (shapeshifter) (Vaults:1)
  2 fire bats (Lair:5)
  2 hungry ghosts
  A two-headed ogre zombie (WizLab)
  11 wargs
  2 nagas (shapeshifter)
  25 soldier ants
  5 acid dragons
  2 hell hounds
  15 water moccasins
  Duvessa (D:4)
  6 porcupines
  An eye of draining (D:11)
  34 orc warriors
  A black bear (D:8)
  A black bear (shapeshifter) (Elf:2)
  8 ice beasts
  4 phantoms
  5 sky beasts
  14 wolves
  4 boggarts
  2 necrophages (D:11)
  23 centaurs
  20 ogres
  8 crocodiles
  4 big kobolds
  A gnoll sergeant (D:9)
  20 bullfrogs
  4 elf zombies
  A wyvern zombie (D:11)
  An elf skeleton (D:6)
  3 earth elementals
  Dowan (D:4)
  6 troll zombies (WizLab)
  6 scorpions
  8 killer bees
  An electric eel (Lair:5)
  29 wights
  3 howler monkeys
  8 crimson imps
  4 centaur zombies
  3 quasits
  A human zombie (D:6)
  A hound (D:12)
  23 jellies
  2 bullfrog skeletons (D:5)
  22 orc priests
  Jessica (D:3)
  Ijyb (D:5)
  2 human skeletons (D:6)
  5 iguanas
  38 orc wizards
  Natasha (twice) (D:4)
  2 polar bear simulacra (D:13)
  39 worker ants
  3 wolf simulacra (D:13)
  3 yak simulacra (D:13)
  5 ogre zombies (WizLab)
  2 big kobold zombies (Ossuary)
  3 hound skeletons
  2 mummies (Ossuary)
  3 worker ant zombies
  A howler monkey zombie (D:7)
  12 gnolls
  13 adders
  4 shadow imps
  8 oozes (D:13)
  An adder skeleton (D:9)
  2 adder zombies (Ossuary)
  2 ball lightnings (Depths:3)
  3 dart slugs
  A worm (D:4)
  4 leopard geckos
  108 orcs
  2 ball pythons
  7 bats
  3 giant cockroaches
  10 goblins
  10 hobgoblins
  13 jackals
  16 kobolds
  4 quokkas
  A ball python zombie (D:5)
  2 frilled lizards
  2 goblin zombies (Ossuary)
  9 hobgoblin zombies (Ossuary)
  5 kobold zombies (Ossuary)
  An orc skeleton (D:6)
  10 orc zombies (Ossuary)
  11 rats
  2 rat zombies (Ossuary)
  3 river rat simulacra (D:13)
  A fire vortex (Vaults:1)
  5 fungi
  20 plants
  A tentacle (Shoals:1)
  A withered plant (Shoals:3)
2090 creatures vanquished.

Vanquished Creatures (collateral kills)
  A deep elf blademaster (Elf:3)
  A sea snake (Shoals:2)
  2 deep elf magi
  A wind drake (Shoals:2)
  2 killer bees (D:7)
7 creatures vanquished.

Vanquished Creatures (others)
  A deep elf demonologist (Elf:3)
  A vault guard (Vaults:2)
  A yaktaur (Vaults:4)
  A ball lightning (Depths:1)
  2 frilled lizards (Depths:3)
  8 fungi
  15 plants
  11 tentacles (Shoals:1)
40 creatures vanquished.

Grand Total: 2137 creatures vanquished

Notes
Turn   | Place    | Note
-------+----------+-------------------------------------------
     0 | D:1      | Epan the Gargoyle Earth Elementalist began the quest for
                  | the Orb.
     0 | D:1      | Reached XP level 1. HP: 10/10 MP: 3/3
   108 | D:1      | Reached XP level 2. HP: 11/15 MP: 5/5
   807 | D:1      | Reached XP level 3. HP: 12/19 MP: 6/6
   812 | D:1      | Learned a level 3 spell: Stone Arrow
  1473 | D:2      | Reached skill level 1 in Conjurations
  1574 | D:2      | Reached XP level 4. HP: 18/24 MP: 8/8
  1949 | D:3      | Noticed Jessica
  1966 | D:3      | Killed Jessica
  1966 | D:3      | Reached skill level 5 in Earth Magic
  2103 | D:3      | Reached XP level 5. HP: 28/28 MP: 9/9
  2110 | D:3      | Learned a level 5 spell: Lee's Rapid Deconstruction
  2724 | D:4      | Found a hazy altar of Hepliaklqana.
  2724 | D:4      | Found a glowing golden altar of the Shining One.
  2724 | D:4      | Found a basalt altar of Yredelemnul.
  2724 | D:4      | Found a sparkling altar of Nemelex Xobeh.
  2724 | D:4      | Found a white marble altar of Elyvilon.
  2725 | D:4      | Found an ornate altar of the Wu Jian Council.
  2812 | D:4      | Reached XP level 6. HP: 30/32 MP: 11/11
  3166 | D:4      | Noticed Dowan
  3168 | D:4      | Noticed Duvessa
  3177 | D:4      | Reached XP level 7. HP: 18/36 MP: 11/13
  3190 | D:4      | Killed Duvessa
  3226 | D:4      | Killed Dowan
  3478 | D:4      | Noticed Natasha
  3487 | D:4      | Killed Natasha
  3664 | D:4      | Noticed Natasha
  3676 | D:4      | Killed Natasha
  3791 | D:5      | Entered Level 5 of the Dungeon
  3804 | D:5      | Reached skill level 1 in Fighting
  3804 | D:5      | Reached skill level 1 in Maces & Flails
  3804 | D:5      | Reached skill level 1 in Armour
  3804 | D:5      | Reached XP level 8. HP: 43/43 MP: 10/15
  3882 | D:5      | Reached skill level 5 in Spellcasting
  3895 | D:5      | Noticed Ijyb
  3899 | D:5      | Found a staircase to the Ecumenical Temple.
  3907 | D:5      | Killed Ijyb
  3924 | Temple   | Entered the Ecumenical Temple
  4011 | Temple   | Became a worshipper of Vehumet
  4177 | D:5      | Reached skill level 5 in Conjurations
  4612 | D:5      | Found an ancient bone altar of Kikubaaqudgha.
  4843 | D:6      | Reached XP level 9. HP: 37/49 MP: 7/17
  5100 | D:6      | Reached * piety under Vehumet
  5100 | D:6      | Offered knowledge of Magic Dart by Vehumet.
  5221 | D:6      | Found a sand-covered staircase.
  5246 | Ossuary  | Entered an ossuary
  5374 | Ossuary  | Reached ** piety under Vehumet
  5374 | Ossuary  | Offered knowledge of Shock by Vehumet.
  5502 | Ossuary  | Got a spiked leather armour
  6042 | D:7      | Offered knowledge of Searing Ray by Vehumet.
  6164 | D:7      | Found the +9 staff of Olgreb {rPois∞}
  6176 | D:7      | Found a runed translucent gate.
  6176 | D:7      | Found a runed translucent gate.
  6177 | D:7      | Found a runed translucent door.
  6193 | D:7      | Found a runed translucent gate.
  6201 | D:7      | Found a runed translucent door.
  6317 | D:7      | Reached XP level 10. HP: 47/57 MP: 17/19
  6376 | D:7      | Reached skill level 1 in Evocations
  6539 | D:7      | Reached *** piety under Vehumet
  6713 | D:7      | Found Ryosk's Food Shop.
  7000 | D:7      | Reached skill level 5 in Armour
  7002 | D:7      | Reached skill level 5 in Fighting
  7039 | D:7      | Offered knowledge of Olgreb's Toxic Radiance by Vehumet.
  7254 | D:8      | Reached skill level 5 in Maces & Flails
  7675 | D:8      | Reached **** piety under Vehumet
  7723 | D:8      | Found a shattered altar of Ashenzari.
  7756 | D:8      | Found a snail-covered altar of Cheibriados.
  7760 | D:8      | Found a stormy altar of Qazlal.
  7763 | D:8      | Found a hide-covered altar of Uskayaw.
  7864 | D:8      | Reached XP level 11. HP: 58/64 MP: 21/21
  7873 | D:8      | Offered knowledge of Conjure Flame by Vehumet.
  8096 | D:8      | Noticed a two-headed hydra
  8101 | D:8      | Killed a two-headed hydra
  8140 | D:8      | Found a transporter.
  8143 | D:8      | Noticed qipq's ghost (novice SpFi)
  8180 | D:8      | Found a transporter.
  8181 | D:8      | Noticed a moth of wrath
  8277 | D:8      | Identified the +1 leather armour "Ugunkeme" {rC- Regen+
                  | Int+4 Stlth+} (You found it in an ossuary)
  8475 | D:9      | Found a staircase to the Orcish Mines.
  8587 | D:9      | Reached skill level 5 in Dodging
  8587 | D:9      | Noticed an angel
  8599 | D:9      | Reached ***** piety under Vehumet
  8603 | D:9      | Offered knowledge of Freezing Cloud by Vehumet.
  8623 | D:9      | Found a glowing silver altar of Zin.
  8625 | D:9      | Found a shimmering altar of Xom.
  8851 | D:9      | Noticed a death yak
  8851 | D:9      | Noticed a death yak
  8856 | D:9      | Noticed a death yak
  8859 | D:9      | Found a staircase to the Lair.
  8882 | D:9      | Killed a death yak
  8893 | D:9      | Killed a death yak
  8898 | D:9      | Killed a death yak
  8898 | D:9      | Reached skill level 10 in Earth Magic
  9497 | D:10     | Entered Level 10 of the Dungeon
  9497 | D:10     | Found Zosic's Demolitions Depot.
  9559 | D:10     | Bought a book of Flames for 490 gold pieces
  9568 | D:10     | Learned a level 5 spell: Fireball
  9697 | D:10     | You fall into a shaft and drop 3 floors!
  9714 | D:13     | Reached XP level 12. HP: 71/71 MP: 23/23
  9732 | D:13     | Reached skill level 1 in Fire Magic
  9982 | D:13     | Noticed a centaur warrior
 10034 | D:12     | Killed a centaur warrior
 10034 | D:12     | Reached skill level 2 in Fire Magic
 10223 | D:13     | Got a twitching amethyst amulet
 10229 | D:13     | Identified the amulet of the Fool {Acrobat rElec rN+ Dex+2}
                  | (You found it on level 13 of the Dungeon)
 10276 | D:12     | You fall into a shaft and drop 2 floors!
 10438 | D:14     | Reached skill level 3 in Fire Magic
 10673 | D:10     | Noticed a two-headed ogre
 10677 | D:10     | Killed a two-headed ogre
 10789 | D:10     | You fall into a shaft and drop 2 floors!
 11420 | D:10     | Found a portal to a secret trove of treasure.
 11426 | Trove    | Entered a treasure trove
 11455 | Trove    | Got a shimmering garnet amulet
 11460 | Trove    | Got a scorched lead amulet
 11484 | Trove    | Identified Sif Muna's Compendium of the Escort and Combat
                  | Magic
 11495 | Trove    | Learned a level 6 spell: Iron Shot
 11538 | Trove    | Identified the amulet "Nicarph" {rElec Regen+} (You found
                  | it in a treasure trove)
 11540 | Trove    | Identified the amulet "Cigyiza" {rF+ Regen+} (You found it
                  | in a treasure trove)
 11651 | D:11     | Noticed an eight-headed hydra
 11655 | D:11     | Killed an eight-headed hydra
 11810 | D:11     | Reached skill level 4 in Fire Magic
 11850 | D:11     | Reached skill level 5 in Evocations
 11945 | D:11     | Noticed Nergalle
 11963 | D:11     | Killed Nergalle
 12368 | D:11     | Reached XP level 13. HP: 75/78 MP: 16/25
 13240 | D:13     | Reached skill level 5 in Fire Magic
 13466 | D:13     | You fall into a shaft and drop 2 floors!
 13466 | D:15     | Entered Level 15 of the Dungeon
 13554 | D:14     | Noticed Azrael
 13569 | D:14     | Killed Azrael
 14211 | D:14     | Reached skill level 6 in Fire Magic
 14529 | D:14     | Found a radiant altar of Vehumet.
 14538 | D:14     | Gained mutation: Your flesh is cold resistant. (rC+)
                  | [potion of mutation]
 14538 | D:14     | Gained mutation: You are partially covered in yellow
                  | scales. (AC +2) [potion of mutation]
 14538 | D:14     | Gained mutation: You are weak. (Str -2) [potion of
                  | mutation]
 14538 | D:14     | Gained mutation: You have large cloven feet. [potion of
                  | mutation]
 14848 | D:14     | Noticed a vault guard
 15120 | D:14     | Killed a vault guard
 15252 | D:14     | Noticed a vault guard
 15308 | D:14     | Killed a vault guard
 15308 | D:14     | Reached skill level 10 in Conjurations
 15308 | D:14     | Reached skill level 7 in Fire Magic
 15308 | D:14     | Gained mutation: Your large and strong wings let you fly
                  | indefinitely. [Gargoyle growth]
 15308 | D:14     | Reached XP level 14. HP: 84/84 MP: 15/27
 15499 | D:14     | Found a gate to the Vaults.
 15887 | Lair:1   | Entered Level 1 of the Lair of Beasts
 16168 | Lair:1   | Noticed Gastronok
 16182 | Lair:1   | Killed Gastronok
 16309 | Lair:1   | Lost mutation: You have large cloven feet. [potion of
                  | mutation]
 16309 | Lair:1   | Lost mutation: You are weak. (Str -2) [potion of mutation]
 16309 | Lair:1   | Lost mutation: Your flesh is cold resistant. (rC+) [potion
                  | of mutation]
 16309 | Lair:1   | Gained mutation: You are dopey. (Int -2) [potion of
                  | mutation]
 16309 | Lair:1   | Gained mutation: You have sharp toenails. [potion of
                  | mutation]
 16811 | Lair:2   | Got an ichor-stained leather armour
 16822 | Lair:2   | Identified the +2 leather armour "Aptu" {*Slow rN+ Str+2}
                  | (You found it on level 2 of the Lair of Beasts)
 17159 | Lair:2   | Noticed Sonja
 17160 | Lair:2   | Killed Sonja
 17160 | Lair:2   | Reached skill level 8 in Fire Magic
 17626 | Lair:2   | Found a hole to the Spider Nest.
 17964 | Lair:3   | Found a shadowy altar of Dithmenos.
 17966 | Lair:3   | Found a staircase to the Shoals.
 18618 | Lair:4   | Noticed Josephine
 18623 | Lair:4   | Killed Josephine
 19977 | Lair:5   | Found a staircase to the Slime Pits.
 20045 | Lair:5   | Reached skill level 9 in Fire Magic
 20229 | Lair:5   | Offered knowledge of Starburst by Vehumet.
 20237 | Lair:5   | Learned a level 6 spell: Starburst
 20300 | Lair:5   | Reached XP level 15. HP: 36/92 MP: 24/28
 20437 | Lair:5   | Identified a scroll of acquirement
 21077 | Lair:6   | Entered Level 6 of the Lair of Beasts
 21973 | Lair:6   | Found a runed translucent door.
 21973 | Lair:6   | Identified the cursed +1 spear of Responsibility {freeze,
                  | rPois Int-4 Dex+3}
 21978 | Lair:6   | Noticed paps's ghost (journeyman DsGl)
 22185 | Lair:6   | Reached skill level 10 in Fighting
 22469 | Lair:6   | Found an ancient bone altar of Kikubaaqudgha.
 22703 | Lair:6   | Reached skill level 10 in Spellcasting
 22869 | Lair:6   | Reached skill level 10 in Fire Magic
 23213 | Orc:1    | Entered Level 1 of the Orcish Mines
 23257 | Orc:1    | Offered knowledge of Ozocubu's Refrigeration by Vehumet.
 23530 | Orc:1    | Found a roughly hewn altar of Beogh.
 23829 | Orc:2    | Entered Level 2 of the Orcish Mines
 23829 | Orc:2    | Found Eges's Book Shoppe.
 24148 | Orc:2    | Found a runed translucent door.
 24150 | Orc:2    | Noticed Armakuni's ghost (journeyman DrMo)
 24376 | Orc:2    | Learned a level 8 spell: Ignition
 24432 | Orc:2    | Gained mutation: Your magical capacity is low. (-10% MP)
                  | [mutagenic glow]
 24623 | Orc:2    | Found Wemaokka's Magic Scroll Shoppe.
 24623 | Orc:2    | Found Jalur's Armour Emporium.
 24623 | Orc:2    | Found Yhidaluq's Gadget Shoppe.
 24633 | Orc:2    | Found Goybaohimu's Food Emporium.
 24742 | Orc:2    | Found a staircase to the Elven Halls.
 25340 | D:15     | Offered knowledge of Irradiate by Vehumet.
 25599 | D:15     | Reached XP level 16. HP: 98/98 MP: 8/27
 25737 | D:15     | Found a staircase to the Depths.
 25854 | D:15     | Found a glowing golden altar of the Shining One.
 26194 | Elf:1    | Entered Level 1 of the Elven Halls
 26234 | Elf:1    | Found Gaejalihin's General Store.
 26239 | Elf:1    | Reached skill level 10 in Maces & Flails
 26353 | Elf:1    | Found Gaorgh's Antique Weapon Shoppe.
 26391 | Elf:1    | Found a magical portal.
 26719 | WizLab   | Reached skill level 11 in Fire Magic
 27002 | WizLab   | Noticed an ancient champion
 27133 | WizLab   | Killed an ancient champion
 27399 | WizLab   | Noticed an antique lich
 27430 | WizLab   | Killed an antique lich
 27633 | WizLab   | Found the +9 sword of Zonguldrok {reap}
 27670 | WizLab   | Identified the Incunabulum of Gliding Talismans
 27992 | Elf:1    | Bought a scroll of teleportation for 48 gold pieces
 28153 | Elf:1    | Noticed Frances
 28996 | Elf:1    | Offered knowledge of Conjure Ball Lightning by Vehumet.
 29306 | Elf:1    | Killed Frances
 29397 | Elf:1    | Noticed a Hell Sentinel
 29402 | Elf:1    | Reached XP level 17. HP: 85/104 MP: 9/28
 29697 | Elf:1    | Reached skill level 12 in Fire Magic
 29870 | Elf:2    | Found a runed translucent door.
 29870 | Elf:2    | Noticed PeterQ's ghost (adept MiBe)
 30143 | Spider:1 | Entered Level 1 of the Spider Nest
 30144 | Spider:1 | Upgraded the game from 0.25-a0-413-g3b4b6a4ccc to
                  | 0.25-a0-420-g1cc7eeb0d1
 30147 | Spider:1 | Reached ****** piety under Vehumet
 30175 | Spider:1 | Offered knowledge of Conjure Ball Lightning by Vehumet.
 31215 | Shoals:1 | Entered Level 1 of the Shoals
 32095 | Shoals:1 | Noticed a kraken
 32108 | Shoals:1 | Killed a kraken
 32394 | Shoals:1 | Found Imerchech's Assorted Antiques.
 32844 | Shoals:2 | Reached skill level 13 in Fire Magic
 33112 | Shoals:2 | Offered knowledge of Ozocubu's Refrigeration by Vehumet.
 33112 | Shoals:2 | Reached XP level 18. HP: 75/112 MP: 12/30
 34879 | Elf:2    | Identified Sif Muna's Collected Works on Malediction (You
                  | acquired it on level 2 of the Elven Halls)
 34879 | Elf:2    | Identified the amulet of Bujack {Spirit Int+5} (You
                  | acquired it on level 2 of the Elven Halls)
 35039 | Elf:2    | Found a runed translucent gate.
 35039 | Elf:2    | Found a runed translucent gate.
 35040 | Elf:2    | Found a runed translucent gate.
 35046 | Elf:2    | Reached skill level 10 in Dodging
 35144 | Elf:3    | Entered Level 3 of the Elven Halls
 35384 | Elf:3    | Found Micir's General Store.
 35393 | Elf:3    | Bought a potion of magic for 96 gold pieces
 35425 | Elf:3    | Noticed a deep elf blademaster
 35457 | Elf:3    | Got an ancient quarterstaff
 35560 | Elf:3    | Noticed a deep elf master archer
 35591 | Elf:3    | Got a dazzling dire flail
 35604 | Elf:3    | Identified the +8 dire flail of Fate {flame, +Rage rC+
                  | Str-4 Dex+9} (You found it on level 3 of the Elven Halls)
 35605 | Elf:3    | Identified the cursed +1 quarterstaff "Demon's Doom"
                  | {flame, Str+3 Dex+4} (You found it on level 3 of the Elven
                  | Halls)
 35625 | Elf:3    | Noticed a Tzitzimitl
 35638 | Elf:3    | Got a vibrating amber ring
 35639 | Elf:3    | Noticed a Hell Sentinel
 35669 | Elf:3    | Identified the ring "Yfruwuac" {Int+10 Dex+3} (You found it
                  | on level 3 of the Elven Halls)
 36391 | Elf:3    | Killed a deep elf master archer
 36450 | Elf:3    | Reached skill level 14 in Fire Magic
 36521 | Elf:3    | Bought a scroll of identify for 24 gold pieces
 36626 | Elf:3    | Identified the +4 chain mail of the Eleven People {-Tele
                  | Int+5 Stlth+}
 36629 | Elf:3    | Identified the +5 shield of the Voivode {rElec rF+ Dex+2}
 36629 | Elf:3    | Identified the +7 great sword "ETAOIN SHRDLU" {freeze, +Fly
                  | SInv}
 36643 | Elf:3    | Identified the cursed +0 broad axe of Disarray {freeze,
                  | Dex+5}
 36781 | Elf:3    | Noticed a deep elf blademaster
 36806 | Elf:3    | Killed a deep elf blademaster
 36930 | Elf:3    | Reached XP level 19. HP: 118/118 MP: 26/31
 36962 | Elf:3    | Reached skill level 15 in Earth Magic
 37222 | Elf:3    | Identified the ring "Yrausma" {rC+ MR+ SInv}
 37471 | Elf:3    | Identified the +7 spear of Suobas {vamp, rPois MP-9 Int+3}
 37823 | Elf:3    | Identified the amulet of Canickyt {Faith Int+2}
 37841 | Elf:3    | Reached skill level 1 in Polearms
 38807 | Elf:3    | Found Micir's General Store.
 40709 | Shoals:4 | Entered Level 4 of the Shoals
 40740 | Shoals:3 | Reached skill level 15 in Fire Magic
 40887 | Shoals:4 | Found Kuugile's Book Shop.
 40902 | Shoals:4 | Found a runed translucent door.
 41210 | Shoals:4 | Reached XP level 20. HP: 58/124 MP: 16/32
 41477 | Shoals:4 | Got a barnacled rune of Zot
 41682 | Shoals:4 | Identified the amulet of Odacysol {Regen+ Int+3 Stlth+}
 43241 | Spider:2 | Got a twitching bone ring
 43242 | Spider:2 | Identified the ring "Totrael" {-Tele *Corrode rC+ Str+5
                  | Dex+4} (You found it on level 2 of the Spider Nest)
 44883 | Spider:4 | Entered Level 4 of the Spider Nest
 45057 | Spider:4 | HP: 3/126 [emperor scorpion (10)]
 45644 | Spider:4 | Reached skill level 16 in Fire Magic
 45715 | Spider:4 | Reached skill level 5 in Polearms
 45722 | Spider:4 | Reached XP level 21. HP: 123/132 MP: 6/34
 45988 | Spider:4 | Lost mutation: Your magical capacity is low. (-10% MP)
                  | [potion of mutation]
 45988 | Spider:4 | Lost mutation: You are partially covered in yellow scales.
                  | (AC +2) [potion of mutation]
 45988 | Spider:4 | Gained mutation: You have a pair of small horns on your
                  | head. [potion of mutation]
 45988 | Spider:4 | Gained mutation: You possess an exceptional clarity of
                  | mind. [potion of mutation]
 45988 | Spider:4 | Gained mutation: You expend magic power (3 MP) to
                  | strengthen your wands. [potion of mutation]
 46045 | Spider:4 | Noticed walterwhite's ghost (journeyman MiBe)
 46047 | Spider:4 | Found a runed translucent gate.
 46048 | Spider:4 | Found a runed translucent gate.
 46048 | Spider:4 | Found a runed translucent gate.
 46093 | Spider:4 | Killed walterwhite's ghost
 46225 | Spider:4 | Identified the cursed +0 helmet of the King of the Hill
                  | {rF+ Str+4} (You found it on level 4 of the Spider Nest)
 46549 | Spider:4 | Got a gossamer rune of Zot
 47025 | Vaults:1 | Entered Level 1 of the Vaults
 47059 | Vaults:1 | Found Bowaphia's Jewellery Shoppe.
 47743 | Vaults:1 | Reached skill level 15 in Conjurations
 47760 | Vaults:1 | Noticed Saint Roka
 47774 | Vaults:1 | Killed Saint Roka
 48791 | Vaults:2 | Found Lypsakh's Food Shoppe.
 48795 | Vaults:2 | Bought a ration for 60 gold pieces
 48795 | Vaults:2 | Bought a ration for 60 gold pieces
 48795 | Vaults:2 | Bought a ration for 60 gold pieces
 48795 | Vaults:2 | Bought a ration for 60 gold pieces
 48795 | Vaults:2 | Bought a ration for 60 gold pieces
 48795 | Vaults:2 | Bought a ration for 60 gold pieces
 48795 | Vaults:2 | Bought a ration for 60 gold pieces
 48795 | Vaults:2 | Bought a ration for 60 gold pieces
 48795 | Vaults:2 | Bought a ration for 60 gold pieces
 48795 | Vaults:2 | Bought a ration for 60 gold pieces
 48795 | Vaults:2 | Bought a ration for 60 gold pieces
 48795 | Vaults:2 | Bought a ration for 60 gold pieces
 49428 | Vaults:2 | You are sucked into a shaft and drop 1 floor!
 49434 | Vaults:3 | Reached XP level 22. HP: 60/138 MP: 36/39
 49441 | Vaults:3 | Reached skill level 17 in Fire Magic
 51071 | Vaults:3 | Reached skill level 15 in Fighting
 51383 | Vaults:3 | Found a staircase to the Crypt.
 52195 | Vaults:4 | Found Daapuetwu's Magic Scroll Emporium.
 52201 | Vaults:4 | Found Leemme's General Store.
 52210 | Vaults:4 | Bought a scroll of magic mapping for 49 gold pieces
 52218 | Vaults:4 | Bought a potion of mutation for 168 gold pieces
 52232 | Vaults:4 | Found Fimum's Magic Scroll Shop.
 52257 | Vaults:4 | Found a flickering gateway to a bazaar.
 52266 | Bazaar   | Entered a bazaar
 52280 | Bazaar   | Found Toysuh's Assorted Antiques.
 52297 | Bazaar   | Found Varepsop's Antique Weapon Emporium.
 52316 | Bazaar   | Found Izuof's Armour Emporium.
 52434 | Vaults:4 | Bought a potion of curing for 63 gold pieces
 52453 | Vaults:4 | Bought a scroll of brand weapon for 280 gold pieces
 52470 | Vaults:4 | Found Wearidie's Food Boutique.
 53357 | Vaults:4 | Reached XP level 23. HP: 98/144 MP: 30/41
 54122 | Vaults:5 | Entered Level 5 of the Vaults
 54123 | Vaults:5 | Reached skill level 18 in Fire Magic
 54311 | Depths:1 | Entered Level 1 of the Depths
 54332 | Depths:1 | Lost mutation: You expend magic power (3 MP) to strengthen
                  | your wands. [potion of mutation]
 54332 | Depths:1 | Lost mutation: You are dopey. (Int -2) [potion of mutation]
 54332 | Depths:1 | Lost mutation: You have a pair of small horns on your head.
                  | [potion of mutation]
 54332 | Depths:1 | Lost mutation: You possess an exceptional clarity of mind.
                  | [potion of mutation]
 54332 | Depths:1 | Gained mutation: You are dopey. (Int -2) [potion of
                  | mutation]
 54332 | Depths:1 | Gained mutation: You are occasionally teleported next to
                  | monsters. [potion of mutation]
 54332 | Depths:1 | Gained mutation: You are partially covered in yellow
                  | scales. (AC +2) [potion of mutation]
 54332 | Depths:1 | Gained mutation: You are surrounded by a mild repulsion
                  | field. (EV +2) [potion of mutation]
 54333 | Depths:1 | Lost mutation: You are dopey. (Int -2) [potion of mutation]
 54333 | Depths:1 | Lost mutation: You have sharp toenails. [potion of
                  | mutation]
 54333 | Depths:1 | Gained mutation: Your spells are a little easier to cast,
                  | but a little less powerful. [potion of mutation]
 54333 | Depths:1 | Lost mutation: You are surrounded by a mild repulsion
                  | field. (EV +2) [potion of mutation]
 54333 | Depths:1 | Gained mutation: Your mind is acute. (Int +2) [potion of
                  | mutation]
 54334 | Depths:1 | Lost mutation: Your spells are a little easier to cast, but
                  | a little less powerful. [potion of mutation]
 54334 | Depths:1 | Lost mutation: Your mind is acute. (Int +2) [potion of
                  | mutation]
 54334 | Depths:1 | Gained mutation: Your spells are a little easier to cast,
                  | but a little less powerful. [potion of mutation]
 54334 | Depths:1 | Gained mutation: You are dopey. (Int -2) [potion of
                  | mutation]
 54334 | Depths:1 | Gained mutation: You have a pair of small horns on your
                  | head. [potion of mutation]
 54335 | Depths:1 | Lost mutation: Your spells are a little easier to cast, but
                  | a little less powerful. [potion of mutation]
 54335 | Depths:1 | Lost mutation: You are dopey. (Int -2) [potion of mutation]
 54335 | Depths:1 | Lost mutation: You have a pair of small horns on your head.
                  | [potion of mutation]
 54335 | Depths:1 | Lost mutation: You are partially covered in yellow scales.
                  | (AC +2) [potion of mutation]
 54335 | Depths:1 | Gained mutation: You have a pair of small horns on your
                  | head. [potion of mutation]
 54335 | Depths:1 | Gained mutation: Armour fits poorly on your strangely
                  | shaped body. [potion of mutation]
 54335 | Depths:1 | Gained mutation: You are somewhat resistant to further
                  | mutation. [potion of mutation]
 54339 | D:15     | Upgraded the game from 0.25-a0-420-g1cc7eeb0d1 to
                  | 0.25-a0-424-g80bd347ae0
 54506 | Crypt:1  | Entered Level 1 of the Crypt
 54877 | Depths:1 | Found a runed translucent gate.
 54878 | Depths:1 | Found a runed translucent gate.
 54879 | Depths:1 | Found a runed translucent gate.
 54881 | Depths:1 | Noticed masterofnone's ghost (adept DDBe)
 55732 | Depths:1 | Found a gateway to Hell.
 55999 | Depths:1 | Killed masterofnone's ghost
 56161 | Depths:1 | Lost mutation: You are somewhat resistant to further
                  | mutation. [potion of mutation]
 56161 | Depths:1 | Lost mutation: Armour fits poorly on your strangely shaped
                  | body. [potion of mutation]
 56161 | Depths:1 | Lost mutation: You have a pair of small horns on your head.
                  | [potion of mutation]
 56161 | Depths:1 | Lost mutation: You are occasionally teleported next to
                  | monsters. [potion of mutation]
 56161 | Depths:1 | Gained mutation: You are agile. (Dex +2) [potion of
                  | mutation]
 56161 | Depths:1 | Gained mutation: Your muscles are strong. (Str +2) [potion
                  | of mutation]
 56181 | Depths:1 | Identified the +1 cloak of Protective Custody {*Contam
                  | rElec rF+ MR++} (You found it on level 1 of the Depths)
 56183 | Depths:1 | Got a steaming jade ring
 56184 | Depths:1 | Identified the ring of Wuzxuuti {rC+ EV+2} (You found it on
                  | level 1 of the Depths)
 56253 | Depths:2 | Noticed Mara
 56266 | Depths:2 | Noticed Epan's illusion
 56270 | Depths:2 | Killed Mara
 56827 | Depths:2 | Found a one-way gate to the infinite horrors of the Abyss.
 56898 | Depths:2 | Found a gateway to a ziggurat.
 56959 | Depths:2 | Reached XP level 24. HP: 113/152 MP: 19/41
 57030 | Depths:2 | Noticed an ancient lich
 57391 | Depths:2 | Killed an ancient lich
 57412 | Depths:2 | Found the +6 Majin-Bo {vamp, Archmagi MP+6 Int+6}
 58009 | Depths:3 | Reached skill level 19 in Fire Magic
 58575 | Depths:3 | Found a large runed translucent door.
 58617 | Depths:3 | Found a large runed translucent door.
 59412 | Depths:3 | Mangled by a titan

Levels and vault maps discovered:
D:1:      saegor_arrival_simple_b, layout_basic
D:2:      layout_rooms, minmay_quadrilaterals
D:3:      layout_basic, uniq_jessica
D:4:      layout_rooms, grunt_temple_overflow_open, first_ration, uniq_natasha,
          uniq_duvessa
D:5:      layout_layer_cave, overflow_temple_1_default, temple_statues,
          uniq_ijyb
D:6:      layout_basic, nicolae_ossuary_entry_catacombs,
          minmay_misc_feat_ornament
D:7:      layout_gridville, serial_shops, kennysheep_mini,
          minmay_guarded_unrand_staff_of_olgreb
D:8:      layout_cave_pools, cheibrodos_ashenzari_chains,
          minmay_overflow_temple_star_quad, gammafunk_ghost_berserking_beasts,
          hangedman_ranch [blue_anna_fruit_fields]
D:9:      layout_small_grid, grunt_temple_overflow_order_and_chaos_1,
          dpeg_lair_monsters, hiddenorc2_lemuel
D:10:     minmay_razor_zed, layout_loops_cross, nicolae_trove_entry_crossroad,
          nicolae_blasting_shop
D:11:     layout_irregular_city, uniq_nergalle
D:12:     layout_irregular_city
D:13:     lemuel_slime, layout_gridville, eino_house_with_fridge
D:14:     layout_loops_ring, grunt_vaults_entry_fortified, basic_altar,
          serial_bayou_pond_d, minmay_more_statues, uniq_azrael
D:15:     hangedman_depths_entry_civil_slaughter, layout_rooms, tso_metal_star
Temple:   nicolae_temple_figure_zero
Lair:1:   layout_cave_pods, lemuel_fruit_tree, grunt_megastairs_4,
          uniq_gastronok
Lair:2:   layout_small_grid, dummy_spider_entry, lemuel_fruit_fields, uniq_sonja
Lair:3:   layout_cave_pods, minmay_shoals_entry_beasts, basic_altar
Lair:4:   dragon1_lemuel, layout_long_grid, infiniplex_staircase_pool_2,
          grunt_megastairs_1, uniq_josephine
Lair:5:   layout_gridlike, minmay_slime_entry_pillars, grunt_megastairs_3
Lair:6:   evilmike_catoblepas_cave, layout_regular_city,
          ebering_ghost_funeral_grove, lemuel_centaur_altar
Shoals:1: layout_shoals, serial_shops, shop
Shoals:2: cheibrodos_shoals_three_sisters, layout_shoals
Shoals:3: layout_shoals, argonaut_gorgonesque
Shoals:4: shoals_end_hangedman, layout_shoals, serial_shops, shop,
          lightli_airlock
Spider:1: layout_spider_delve
Spider:2: layout_spider_delve, zaba_antful_of_joy
Spider:3: layout_spider_delve
Spider:4: grunt_spider_rune_circles, gammafunk_ghost_split
Orc:1:    layout_caves, mines2_david
Orc:2:    st_orc_mages, layout_caves, ebering_ghost_inner_flame, serial_shops,
          shop, nicolae_orc_rockfall
Elf:1:    layout_gridlike, serial_shops, shop, nicolae_shop_trees,
          mu_enter_wizlab_6, minmay_elf_crystal_heptagon,
          einodemon_armed_red_devil_minivault, uniq_frances
Elf:2:    layout_geoelf_octagon, ebering_ghost_inner_flame
Elf:3:    nooodl_elf_gasket, layout_onion_city, serial_shops, shop
Vaults:1: vaults_mumra_minichess_inversion, vaults_room_grunt_arrival_ludios,
          nicolae_vaults_little_squares_6, hangedman_vaults_slice,
          nicolae_vaults_alarming, vaults_dpeg_diagonal, hangedman_vaults_slice,
          v_rooms_6, v_misc_16, vaults_room_stairs_pillars,
          layout_vaults_maze_bifur, serial_shops, shop, uniq_saint_roka
Vaults:2: vaults_room_boxed, vaults_room_ringed_pool, hangedman_vaults_locks,
          vaults_room_fours, nicolae_vaults_windows_and_doors_thing,
          layout_vaults_quadrants, serial_shops, nicolae_shop_crystal
Vaults:3: hangedman_vaults_slice, vaults_dpeg_spiral, v_misc_30, v_misc_22,
          minmay_crypt_entry_simple_corners, nicolae_vaults_puzzle_piece,
          ontoclasm_vaults_gateway, nicolae_vaults_shelves_hall,
          nicolae_vaults_yaktaur_gun_rack, vaults_room_door_hall,
          layout_vaults_chaotic_city
Vaults:4: v_misc_1, nicolae_vaults_diagonal_hallway_7, v_misc_30,
          vaults_room_hallway, vaults_dpeg_encased_lava, v_pattern_4, v_misc_31,
          ontoclasm_vaults_eye, hangedman_vaults_capsules, v_alt_pattern_1,
          layout_vaults_omnicross, serial_shops, bzr_entry_customers, shop,
          shop, shop, nicolae_shop_temple_entry_statues_fountains
Vaults:5: serial_shops
Crypt:1:  layout_misc_corridors, basic_altar, st_small_mortuary
Depths:1: layout_gridlike, gammafunk_ghost_tricky_traps, minmay_misc_feat_cross,
          hell_entry, kennysheep_flooded_box, kennysheep_decorative_pillar,
          chequers_serial_rivers_room_a, wad_dig_loot
Depths:2: minmay_guarded_unrand_majin_bo, layout_gridville, enter_ziggurat_d,
          roderic_lattice_octagonal_star, hellmouth_1, abyss_entry, uniq_mara
Depths:3: lightli_eight_chambers, layout_cave_pools, rand_demon_pan_entry_4,
          hell_entry, wheals_unrand_guarded_autumn_katana

Skill      XL: |  1  2  3  4  5  6  7  8  9 10 11 12 13 14 15 16 17 18 19 20 21 22 23 24 |
---------------+-------------------------------------------------------------------------+-----
Earth Magic    | 4 5 6 7 8 9 10 11 12 13 14 15 16 17 18 | 18.5
Conjurations   | 1 3 4 5 6 7 8 9 10 11 12 13 14 15 16 | 16.9
Spellcasting   | 3 4 5 6 7 8 9 10 11 12 13 14 | 14.9
Fighting       | 1 2 4 5 6 7 8 9 10 11 12 13 14 15 16 | 16.3
Maces & Flails | 1 2 4 5 6 7 8 9 10 11 12 | 12.1
Armour         | 1 2 4 5 6 |  6.0
Dodging        | 2 3 4 5 6 7 8 9 10 11 12 13 | 13.1
Evocations     | 2 4 5 6 |  6.0
Fire Magic     | 4 7 9 10 11 13 14 15 16 17 18 19 | 19.3
Polearms       | 3 5 6 7 8 9 |  9.6
Stealth        | |  2.1
Transmutations | |  0.7

Action                   |  1- 3 |  4- 6 |  7- 9 | 10-12 | 13-15 | 16-18 | 19-21 | 22-24 || total
-------------------------+-------+-------+-------+-------+-------+-------+-------+-------++-------
Melee: Club              |    26 |       |       |       |       |       |       |       ||    26
       Dagger            |    52 |       |       |       |       |       |       |       ||    52
       Short sword       |    38 |   131 |   224 |       |       |       |       |       ||   393
       Scimitar          |       |       |   138 |    82 |       |       |       |       ||   220
       Staff             |       |       |       |   516 |  1068 |    57 |       |       ||  1641
       Flail             |       |       |       |       |       |   237 |       |       ||   237
       Morningstar       |       |       |       |       |       |   398 |   859 |   265 ||  1522
       Double sword      |       |       |       |       |       |    18 |       |       ||    18
       Headbutt          |       |       |       |       |       |       |    36 |    98 ||   134
       Lance             |       |       |       |       |       |       |       |   412 ||   412
Throw: Throwing net      |       |       |       |       |       |     2 |       |       ||     2
       Stone             |       |       |       |       |       |     1 |       |       ||     1
 Cast: Sandblast         |    24 |    19 |    87 |    92 |   105 |    88 |    53 |    19 ||   487
       Stone Arrow       |       |       |     3 |     6 |     3 |       |       |       ||    12
       Lee's Rapid Decon |       |       |     3 |    47 |    57 |    95 |    68 |    48 ||   318
       Iron Shot         |       |       |       |     4 |    62 |   156 |   136 |   173 ||   531
       Fireball          |       |       |       |       |    32 |    62 |    60 |    28 ||   182
       Starburst         |       |       |       |       |    31 |    19 |     7 |     1 ||    58
       Ignition          |       |       |       |       |     2 |     8 |    77 |    69 ||   156
 Abil: Fly               |       |       |       |       |     2 |       |       |       ||     2
       Stop Flying       |       |       |       |       |     1 |       |       |     1 ||     2
Evoke: Staff of Olgreb   |       |       |       |     1 |       |       |       |       ||     1
       Wand              |       |       |       |     4 |    26 |    25 |    23 |     7 ||    85
       Lamp of fire      |       |       |       |       |     2 |     2 |     1 |       ||     5
       Phial of floods   |       |       |       |       |       |     4 |     1 |       ||     5
       Phantom mirror    |       |       |       |       |       |       |     1 |       ||     1
  Use: Potion            |     2 |       |     4 |     5 |    10 |    26 |    12 |     9 ||    68
       Scroll            |     6 |     7 |     4 |    12 |    12 |    28 |     7 |    11 ||    87
 Stab: Sleeping          |     3 |     6 |     2 |     2 |     2 |       |       |     5 ||    20
       Confused          |       |       |       |       |       |       |     6 |       ||     6
       Invisible         |       |       |       |       |       |       |     5 |       ||     5
       Distracted        |       |       |       |       |       |       |     2 |       ||     2
  Eat: Chunk             |     2 |     6 |     5 |    32 |    58 |    48 |    75 |    48 ||   274
       Ration            |       |       |     2 |     1 |    12 |    21 |     7 |     7 ||    50
Armor: Skin              |    36 |       |       |       |       |       |       |       ||    36
       Robe              |    36 |    58 |   204 |   412 |   137 |   175 |   879 |   331 ||  2232
       Leather armour    |       |       |       |       |   556 |   419 |       |       ||   975
Dodge: Dodged            |    92 |   113 |   286 |   617 |  1069 |   749 |  1373 |   638 ||  4937
       Rpst.: Scimitar   |       |       |    35 |    22 |       |       |       |       ||    57
       Double sword      |       |       |       |       |       |     2 |       |       ||     2

Table legend:
 A = Non-vault XP
 B = Vault XP
 C = Vault XP percentage of total XP
 D = Non-vault monster count
 E = Vault monster count
 F = Vault count percentage of total count
                 A         B        C        D         E       F
            +---------+---------+-------+---------+---------+-------
      Total |  553735 |  376891 |  40.5 |    1374 |     697 |  33.7
            +---------+---------+-------+---------+---------+-------
        D:1 |      65 |       0 |   0.0 |      36 |       0 |   0.0
        D:2 |      40 |       5 |  11.1 |      11 |       3 |  21.4
        D:3 |     124 |      37 |  23.0 |      22 |       1 |   4.3
        D:4 |     606 |     258 |  29.9 |      30 |       3 |   9.1
        D:5 |    1087 |      36 |   3.2 |      18 |       1 |   5.3
        D:6 |     889 |     302 |  25.4 |      13 |       6 |  31.6
        D:7 |    2276 |    1893 |  45.4 |      34 |      22 |  39.3
        D:8 |    1253 |    2208 |  63.8 |      27 |       8 |  22.9
        D:9 |    2888 |    3090 |  51.7 |      35 |      37 |  51.4
       D:10 |    1859 |     791 |  29.8 |      14 |       8 |  36.4
       D:11 |    5189 |     777 |  13.0 |      31 |       1 |   3.1
       D:12 |    2716 |       0 |   0.0 |      19 |       0 |   0.0
       D:13 |    5681 |    2042 |  26.4 |      21 |      35 |  62.5
       D:14 |   10727 |   10409 |  49.2 |      32 |      19 |  37.3
       D:15 |    7383 |    4889 |  39.8 |      16 |       6 |  27.3
     Lair:1 |    2269 |    2380 |  51.2 |      12 |       1 |   7.7
     Lair:2 |    4964 |     795 |  13.8 |      17 |       1 |   5.6
     Lair:3 |    3627 |     974 |  21.2 |      11 |       3 |  21.4
     Lair:4 |    5923 |    3451 |  36.8 |      25 |       9 |  26.5
     Lair:5 |    3674 |    1774 |  32.6 |      17 |      12 |  41.4
     Lair:6 |    8643 |   12082 |  58.3 |      43 |      27 |  38.6
   Shoals:1 |   17225 |     769 |   4.3 |      34 |       1 |   2.9
   Shoals:2 |   15364 |    9124 |  37.3 |      32 |      12 |  27.3
   Shoals:3 |   15990 |    3353 |  17.3 |      29 |       7 |  19.4
   Shoals:4 |   17915 |   21026 |  54.0 |      37 |      40 |  51.9
   Spider:1 |   24637 |       0 |   0.0 |      78 |       0 |   0.0
   Spider:2 |   14834 |    7302 |  33.0 |      36 |      38 |  51.4
   Spider:3 |   19377 |       0 |   0.0 |      55 |       0 |   0.0
   Spider:4 |   21616 |   28686 |  57.0 |      55 |      42 |  43.3
      Orc:1 |    2994 |     274 |   8.4 |      38 |       5 |  11.6
      Orc:2 |    4732 |    4200 |  47.0 |      21 |      38 |  64.4
      Elf:1 |   23627 |    7789 |  24.8 |      35 |      11 |  23.9
      Elf:2 |   11319 |    3598 |  24.1 |      20 |       4 |  16.7
      Elf:3 |   21642 |   66872 |  75.5 |      30 |      48 |  61.5
   Vaults:1 |   20717 |   27216 |  56.8 |      47 |      40 |  46.0
   Vaults:2 |   58428 |   14435 |  19.8 |      93 |      27 |  22.5
   Vaults:3 |   20278 |   16512 |  44.9 |      36 |      24 |  40.0
   Vaults:4 |   39837 |   24465 |  38.0 |      51 |      32 |  38.6
   Vaults:5 |     429 |   25181 |  98.3 |       1 |      25 |  96.2
    Crypt:1 |    2813 |       0 |   0.0 |       4 |       0 |   0.0
   Depths:1 |   23848 |   16239 |  40.5 |      25 |      14 |  35.9
   Depths:2 |   33237 |   21031 |  38.8 |      38 |      11 |  22.4
   Depths:3 |   54605 |   24905 |  31.3 |      65 |      31 |  32.3
    Ossuary |       0 |     495 | 100.0 |       0 |      39 | 100.0
     WizLab |   16388 |    5226 |  24.2 |      30 |       5 |  14.3
            +---------+---------+-------+---------+---------+-------
